 Dungeon Sprint DCSS version 0.21.1-1-g345015f (webtiles) character file.

140 Psiloshibe the Carver (level 8, -12/78 HPs)
             Began as a Barachi Berserker on June 10, 2018.
             Was a High Priest of Trog.
             Mangled by Sonja
             ... wielding a +3 short sword of distortion
              (19 damage)
             ... in the Dungeon (Sprint VI: "Thunderdome").
             The game lasted 00:05:19 (462 turns).

Psiloshibe the Carver (Barachi Berserker)            Turns: 462, Time: 00:05:20

Health: -12/78     AC:  2    Str: 27    XL:     8   Next: 68%
Magic:  8/8        EV: 19    Int:  1    God:    Trog [*****.]
Gold:   175        SH:  0    Dex: 14    Spells: 7/7 levels left

rFire    + + .     SeeInvis .   a - +6 long sword (holy)
rCold    + + .     Gourm    .   (no shield)
rNeg     . . .     Faith    .   b - +0 animal skin
rPois    +         Spirit   .   (no helmet)
rElec    .         Reflect  .   (no cloak)
rCorr    .         Harm     .   (no gloves)
MR       ++...     NoTele   +   (no boots)
Stlth    ++........             r - amulet of Dadil {rPois rF++ Regen+ Str+3 Int-5}
HPRegen  1.23/turn              o - ring of Teugis {+Blink Str+4 Int-2 Dex+2}
MPRegen  0.11/turn              s - ring of Jaiwkane {rPois rC+ EV+2}

@: lethally poisoned (-12 -> -12), very slightly contaminated, regenerating,
slowed, very slow
A: +LOS, swims, cold resistance 1, slowness 1, strong legs 1
a: Hop, Berserk, Trog's Hand, Brothers in Arms, Burn Spellbooks, Renounce
Religion, Evoke Blink


You were in the Dungeon.
You worshipped Trog.
Trog was extremely pleased with you.
You were not hungry.

You visited 1 branch You collected 400 gold pieces.
You spent 225 gold pieces at shops.

Inventory:

Hand Weapons
 a - a +6 long sword of holy wrath (weapon)
 t - a +0 falchion
Armour
 b - a +0 animal skin (worn)
Jewellery
 n - the amulet of Light {Gourm rElec rN+++ MR- SInv}
   (You bought it in a shop in the Dungeon)

   [amulet of the gourmand]

   It allows you to eat raw meat even when not hungry.
   It insulates you from electricity.
   It renders you almost immune to negative energy.
   It affects your resistance to hostile enchantments.
   It lets you see invisible.
 o - the ring of Teugis (left hand) {+Blink Str+4 Int-2 Dex+2}
   (You bought it in a shop in the Dungeon)

   [ring of dexterity]

   It affects your strength (+4).
   It affects your intelligence (-2).
   It affects your dexterity (+2).
   It lets you blink.
 p - the ring "Dufoutim" {*Contam +Fly Str+2 Int+3}
   (You bought it in a shop in the Dungeon)

   [ring of flight]

   It affects your strength (+2).
   It affects your intelligence (+3).
   It lets you fly.
   It causes magical contamination when unequipped.
 r - the amulet of Dadil (around neck) {rPois rF++ Regen+ Str+3 Int-5}
   (You bought it in a shop in the Dungeon)

   [amulet of regeneration]

   It affects your strength (+3).
   It affects your intelligence (-5).
   It greatly protects you from fire.
   It protects you from poison.
   It increases your rate of regeneration.
 s - the ring of Jaiwkane (right hand) {rPois rC+ EV+2}
   (You bought it in a shop in the Dungeon)

   [ring of evasion]

   It affects your evasion (+2).
   It protects you from cold.
   It protects you from poison.
Wands
 k - a wand of acid (4)
 l - a wand of iceblast (5)
Scrolls
 i - 4 scrolls of blinking
 m - 3 scrolls of fog
Potions
 d - a potion of curing
 e - 4 potions of heal wounds
 f - 4 potions of haste
 g - 2 potions of magic
 h - a potion of berserk rage
 j - a potion of resistance
 q - a potion of flight {unknown}
Comestibles
 c - a ration


   Skills:
 + Level 12.6 Fighting
 + Level 13.1 Long Blades
 * Level 7.7 Throwing
 + Level 5.6 Armour
 + Level 7.6 Dodging
 + Level 1.4 Stealth


You had 7 spell levels left.
You didn't know any spells.

Dungeon Overview and Level Annotations

Branches:
Dungeon (1/1)

Altars:
Cheibriados
Dithmenos
Fedhas
Gozag
Kikubaaqudgha
Makhleb
Okawaru
Qazlal
Ru
Sif Muna
Trog
Uskayaw
Vehumet
Wu Jian
Xom
Yredelemnul
Zin
The Shining One
Beogh
Jiyva
Lugonu

Shops:
D *[%??*?*:[((!!!!

Annotations:
D Sonja


Innate Abilities, Weirdness & Mutations

Shadows flee at your approach. (+LOS)
You can swim through water.
You cover ground slowly.
You can hop short distances.
Your flesh is cold resistant. (rC+)


Message History

Sonja is heavily wounded.
Sonja misses you. x2
You miss Sonja.
Sonja is heavily wounded.
Sonja is no longer covered in acid.
Sonja hits you with an uncursed short sword of distortion.
Space bends around you. Sonja misses you. Sonja closely misses you.
You miss Sonja.
Sonja is heavily wounded.
You feel sick.
Sonja hits you with an uncursed short sword of distortion.
Sonja hits you with an uncursed short sword of distortion!
Space warps horribly around you!
* * * LOW HITPOINT WARNING * * *
Sonja hits you with an uncursed short sword of distortion.
* * * LOW HITPOINT WARNING * * *
Sonja hits you with an uncursed short sword of distortion!
* * * LOW HITPOINT WARNING * * *
Space warps horribly around you!
You die...

###.........###
#⌠...........⌠#
######.8........)8.###
##∩___...)..###......__
###∩...(.(..8.# #.8......
##........[.(..###........
#⌠...[....((###...###.....
#⌠........(.# #.<.# #.....
#⌠.......@..###...###.....
##......K......###..†.....
###∩.....)..8(# #.8......
##∩___...(..###......__
######)8.........8.###
#⌠......†....§#
###....(....###
#_......._# #_........#


You could see Sonja.

Vanquished Creatures
  2 kobold demonologists (D)
  Sigmund (D)
  A hell hound (D)
  5 wolves (D)
  A big kobold (D)
  3 jellies (D)
  Jessica (D)
  A worker ant (D)
  An adder (D)
  3 oozes (D)
  A bat zombie (D)
  3 kobolds (D)
  A leopard gecko skeleton (D)
24 creatures vanquished.

Notes
Turn   | Place    | Note
-------+----------+-------------------------------------------
     0 | D        | Psiloshibe the Barachi Berserker began the quest for the Orb.
     0 | D        | Reached XP level 1. HP: 18/18 MP: 1/1
     0 | D        | Found a radiant altar of Vehumet.
     0 | D        | Found a blossoming altar of Fedhas.
     3 | D        | Found an opulent altar of Gozag.
     4 | D        | Found a corrupted altar of Lugonu.
     4 | D        | Found a burning altar of Makhleb.
     4 | D        | Found a shimmering altar of Xom.
     5 | D        | Found a deep blue altar of Sif Muna.
     5 | D        | Found a bloodstained altar of Trog.
     5 | D        | Round 1.
     6 | D        | Found Quajud's Delicious Food.
     6 | D        | Found an iron altar of Okawaru.
     6 | D        | Found Mianaoha's Identification Station.
     6 | D        | Found a basalt altar of Yredelemnul.
     7 | D        | Found Sommistri's Jewellery.
     7 | D        | Found Plog's Advanced Armour.
     7 | D        | Found a roughly hewn altar of Beogh.
     7 | D        | Found a hide-covered altar of Uskayaw.
     7 | D        | Found a viscous altar of Jiyva.
    17 | D        | Bought a bound golden amulet for 45 gold pieces
    17 | D        | Bought a coiled ivory ring for 45 gold pieces
    17 | D        | Bought a bound steel ring for 45 gold pieces
    17 | D        | Identified the amulet of Light {Gourm rElec rN+++ MR- SInv} (You bought it in a shop in the Dungeon)
    18 | D        | Identified the ring of Teugis {+Blink Str+4 Int-2 Dex+2} (You bought it in a shop in the Dungeon)
    19 | D        | Identified the ring "Dufoutim" {*Contam +Fly Str+2 Int+3} (You bought it in a shop in the Dungeon)
    27 | D        | Noticed a jelly
    27 | D        | Noticed a jelly
    34 | D        | Reached skill level 4 in Long Blades
    34 | D        | Killed a jelly
    34 | D        | Reached skill level 5 in Long Blades
    34 | D        | Reached XP level 2. HP: 14/28 MP: 2/2
    34 | D        | Reached XP level 3. HP: 17/34 MP: 3/3
    36 | D        | Reached ** piety under Trog
    36 | D        | Reached skill level 6 in Long Blades
    36 | D        | Reached skill level 1 in Throwing
    36 | D        | Reached XP level 4. HP: 21/41 MP: 4/4
    45 | D        | Found a shadowy altar of Dithmenos.
    46 | D        | Found a glowing silver altar of Zin.
    47 | D        | Found an ancient bone altar of Kikubaaqudgha.
    48 | D        | Found Seunioff's Distillery.
    48 | D        | Found a sacrificial altar of Ru.
    48 | D        | Found Luejarer's Do-It-Yourself Clinic.
    49 | D        | Found Cusa's Distillery.
    49 | D        | Found Zalloud's Bottled Wisdom.
    49 | D        | Found a snail-covered altar of Cheibriados.
    49 | D        | Found a stormy altar of Qazlal.
    55 | D        | Found a glowing golden altar of the Shining One.
    55 | D        | Found an ornate altar of the Wu Jian Council.
    62 | D        | Found Deilir's Magic Scroll Shop.
    62 | D        | Found Fifeack's Staff Store.
    63 | D        | Found Xaenwiniesh's Magic Scroll Shop.
    63 | D        | Found Sianop's Must-Have Magic.
    66 | D        | Reached skill level 7 in Long Blades
    79 | D        | Found Siorer's Premium Goods.
    79 | D        | Found Siath's Weapon Rack.
    80 | D        | Found Dealy's Miscellaneous Merchandise.
    80 | D        | Found Enuar's Basic Armour.
    95 | D        | Arena points: 14 (+14) [x2]
   129 | D        | Round 2.
   132 | D        | Noticed Sigmund
   144 | D        | Killed Sigmund
   144 | D        | Reached *** piety under Trog
   144 | D        | Reached skill level 9 in Long Blades
   144 | D        | Reached XP level 5. HP: 52/52 MP: 5/5
   144 | D        | Reached XP level 6. HP: 58/58 MP: 6/6
   153 | D        | Noticed Jessica
   156 | D        | Killed Jessica
   158 | D        | Reached **** piety under Trog
   175 | D        | Arena points: 56 (+42) [x3]
   175 | D        | Reached skill level 5 in Dodging
   200 | D        | Bought a pitted zirconium amulet for 45 gold pieces
   200 | D        | Identified the amulet of Dadil {rPois rF++ Regen+ Str+3 Int-5} (You bought it in a shop in the Dungeon)
   235 | D        | Round 3.
   251 | D        | Reached skill level 10 in Fighting
   251 | D        | Reached skill level 10 in Long Blades
   251 | D        | Reached skill level 5 in Throwing
   251 | D        | Reached skill level 5 in Armour
   253 | D        | Reached XP level 7. HP: 32/67 MP: 7/7
   282 | D        | Reached skill level 11 in Long Blades
   295 | D        | Reached ***** piety under Trog
   322 | D        | Arena points: 140 (+84) [x4]
   322 | D        | Reached skill level 12 in Long Blades
   347 | D        | Bought a pitted copper ring for 45 gold pieces
   347 | D        | Identified the ring of Jaiwkane {rPois rC+ EV+2} (You bought it in a shop in the Dungeon)
   349 | D        | Round 4.
   357 | D        | Received a gift from Trog
   374 | D        | Gained mutation: Your flesh is cold resistant. (rC+) [mutagenic glow]
   396 | D        | Reached XP level 8. HP: 50/76 MP: 8/8
   399 | D        | Noticed a kobold demonologist
   417 | D        | Noticed an ice devil
   419 | D        | Noticed a smoke demon
   429 | D        | Killed a kobold demonologist
   429 | D        | Reached skill level 1 in Stealth
   435 | D        | Noticed a kobold demonologist
   445 | D        | Killed a kobold demonologist
   445 | D        | Reached skill level 13 in Long Blades
   451 | D        | Noticed Sonja
   462 | D        | Mangled by Sonja

Skill      XL: |  1  2  3  4  5  6  7  8 |
---------------+-------------------------+-----
Fighting       | 6 9 10 11 12 | 12.6
Long Blades    | 5 6 9 10 12 13 | 13.1
Armour         | 3 4 5 |  5.6
Dodging        | 3 4 5 6 7 |  7.6
Throwing       | 1 4 5 6 7 |  7.7
Stealth        | 1 |  1.4

Action                   |  1- 3 |  4- 6 |  7- 9 || total
-------------------------+-------+-------+-------++-------
Melee: Falchion          |     9 |    32 |    19 ||    60
       Long sword        |       |       |    25 ||    25
Invok: Berserk           |     1 |     2 |     1 ||     4
       Trog's Hand       |       |     3 |     4 ||     7
Evoke: Wand              |       |       |     1 ||     1
  Eat: Chunk             |       |     9 |     4 ||    13
Armor: Animal skin       |       |     3 |     3 ||     6
Dodge: Dodged            |     7 |    35 |    50 ||    92
       Rpst.: Falchion   |     1 |    14 |     7 ||    22
       Long sword        |       |       |     9 ||     9
